 Dungeon Crawl Stone Soup version 0.31-a0-149-g3fdcc5976a (webtiles) character file.

Game seed: 13664225919031356957

660 jlumianski the Ducker (level 7, -4/46 HPs)
             Began as a Djinni Fire Elementalist on June 7, 2023.
             Was an Initiate of Makhleb.
             Slain by an ogre
             ... wielding a +0 giant club
              (25 damage)
             ... on level 4 of the Dungeon.
             The game lasted 00:20:56 (4398 turns).

jlumianski the Ducker (Djinni Fire Elementalist)    Turns: 4398, Time: 00:20:56

Health: -4/46      AC:  4    Str:  7    XL:     7   Next: 86%
Gold:   263        EV: 14    Int: 18    God:    Makhleb [......] SH:  0 Dex: 14

rFire   + + .        u - +0 rapier
rCold   x . .        (no shield)
rNeg    + . .        a - +0 robe
rPois   ∞            (no helmet)
rElec   .            t - +0 cloak
rCorr   .            d - +0 pair of gloves
SInv    +            (boots unavailable)
Will    .....        (no amulet)
Stlth   +++          k - ring of positive energy
HPRegen 0.27/turn    r - ring of see invisible
MPRegen 0.00/turn

%: infuse magic (-5 HP)
@: flying
A: sickness immunity, fire resistance 2, cold vulnerability 1, float, innate
caster, HP casting, extra vitality 1
a: Renounce Religion


You were on level 4 of the Dungeon.
You worshipped Makhleb.
Makhleb was noncommittal.
You visited 1 branch of the dungeon, and saw 6 of its levels.

You collected 263 gold pieces.

Inventory:

Hand Weapons
 b - a +0 dagger
 h - a +0 dagger of holy wrath
 u - a +0 rapier (weapon)
Missiles
 f - a throwing net
 o - 9 poisoned darts
Armour
 a - a +0 robe (worn)
 c - a +0 leather armour
 d - a +0 pair of gloves (worn)
 t - a +0 cloak (worn)
Jewellery
 k - a ring of positive energy (left hand)
 n - a ring of ice
 r - a ring of see invisible (right hand)
Wands
 p - a wand of mindburst (18)
Scrolls
 e - 2 scrolls of noise
 j - 4 scrolls of vulnerability
 q - 2 scrolls of teleportation
 s - a scroll of fear
Potions
 g - a potion of ambrosia
 i - 2 potions of curing
 l - 2 potions of enlightenment
 m - a potion of attraction


   Skills:
 - Level 0.7 Fighting
 - Level 1.0 Short Blades
 + Level 5.2 Dodging
 + Level 4.8 Stealth
 + Level 0.2 Unarmed Combat
 + Level 4.0 Spellcasting
 + Level 4.0 Conjurations
 + Level 4.0 Hexes
 + Level 4.0 Summonings
 + Level 4.0 Necromancy
 + Level 4.0 Translocations
 + Level 4.0 Transmutations
 + Level 4.0 Fire Magic
 + Level 4.0 Ice Magic
 + Level 4.0 Air Magic
 + Level 4.0 Earth Magic
 + Level 4.0 Poison Magic


You knew the following spells:

 Your Spells              Type           Power      Damage    Failure   Level
a - Foxfire               Conj/Fire      72%        2x1d7     2%          1
b - Scorch                Fire           36%        2d7       4%          2
c - Volatile Blastmotes   Fire/Tloc      36%        2d13      9%          3
d - Inner Flame           Hex/Fire       18%        N/A       9%          3
e - Flame Wave            Conj/Fire      18%        2d7       28%         4
f - Slow                  Hex            72%        N/A       2%          1
g - Poisonous Vapours     Pois/Air       36%        N/A       4%          2
h - Ensorcelled Hibernat  Hex/Ice        36%        N/A       4%          2
Your spell library was empty.

Dungeon Overview and Level Annotations

Branches:
Dungeon (6/15)
 Temple: D:4-7

Altars:
Ashenzari
Dithmenos
Makhleb


Innate Abilities, Weirdness & Mutations

You are immune to sickness and miasma.
You are immune to poison.
Your flesh is very heat resistant. (rF++)
You are vulnerable to cold. (rC-)
You float through the air rather than walking.
You learn spells naturally, not from books.
Your magical power is your life essence.
You have superior vitality. (+4 MHP)


Message History

The quokka closely misses you.
The quokka bites you but does no damage.
There is a stone staircase leading up here.
The quokka misses you.
You fly upwards.
There is a stone staircase leading down here.
Casting: Scorch (safe; 4% risk of failure)
Confirm with . or Enter, or press ? or * to list all spells.
You conjure some foxfire!
The quokka bites you but does no damage.
You barely miss the quokka.
The foxfire hits the quokka.
The quokka is almost dead.
The foxfire hits the quokka.
You kill the quokka!
Makhleb accepts your kill.
You fly downwards.
The ogre closely misses you.
There is a stone staircase leading up here.
The ogre hits you with a +0 giant club!!
Ouch! That really hurt!
The iguana hisses angrily.
You fly upwards.
There is a stone staircase leading down here.
Casting: Foxfire (safe; 2% risk of failure)
Confirm with . or Enter, or press ? or * to list all spells.
Flames lash the ogre.
The ogre is lightly wounded.
The ogre's fire resistance burns away.
Casting: Scorch (safe; 4% risk of failure)
Confirm with . or Enter, or press ? or * to list all spells.
You conjure some foxfire!
The ogre misses you.
You completely miss the ogre.
The ogre is lightly wounded.
The ogre is no longer more vulnerable to fire.
The foxfire hits the ogre.
The ogre is lightly wounded.
The foxfire hits the ogre.
The ogre is moderately wounded.
The ogre hits you with a +0 giant club!!
Ouch! That really hurt!
You die...

#.......+...#......###+
#......######..........
#.....##..#.##.........
##...##...#..##........
#..##....#...##.......
#.##.....#....##......
###......#.....##.....
#...§†..#......##....
####@.......##.#.....
#.O......#..#.....
#........#..#.....
#........#..#.....
#........#..).....
#........#..#.....
#........#..#.....
##########..###...
#.....#...


You could see an ogre.

Vanquished Creatures
  2 ogres (D:4)
  A scorpion (D:5)
  A howler monkey (D:4)
  A hound (D:6)
  2 iguanas (D:4)
  Natasha (thrice) (D:2 D:1)
  12 adders
  3 gnolls (D:4)
  2 worms
  4 dart slugs
  2 orcs
  7 endoplasms
  4 giant cockroaches
  7 goblins
  8 hobgoblins
  4 quokkas
  11 ball pythons
  6 bats
  5 frilled lizards
  7 kobolds
  4 rats
96 creatures vanquished.

Vanquished Creatures (others)
  195 foxfires
195 creatures vanquished.

Grand Total: 291 creatures vanquished

Notes
Turn   | Place    | Note
-------+----------+-------------------------------------------
     0 | D:1      | jlumianski the Djinni Fire Elementalist began the quest for
                  | the Orb.
     0 | D:1      | jlumianski set off with the following spells memorised:
                  | Foxfire, Scorch, Volatile Blastmotes, Inner Flame, Flame
                  | Wave.
     0 | D:1      | Reached XP level 1. HP: 15/15 MP: 0/0
   193 | D:1      | Reached XP level 2. HP: 21/21 MP: 0/0
   238 | D:1      | Reached skill level 3 in Dodging
   287 | D:2      | Reached XP level 3. HP: 24/25 MP: 0/0
   287 | D:2      | Learned a level 1 spell: Slow
  1208 | D:2      | Reached XP level 4. HP: 30/31 MP: 0/0
  1505 | D:2      | Found a shadowy altar of Dithmenos.
  1507 | D:2      | Noticed Natasha
  1519 | D:2      | Killed Natasha
  1606 | D:2      | Noticed Natasha
  1609 | D:2      | Killed Natasha
  1610 | D:2      | Reached skill level 1 in Short Blades
  1610 | D:2      | Reached XP level 5. HP: 33/36 MP: 0/0
  1610 | D:2      | Learned a level 2 spell: Poisonous Vapours
  1720 | D:2      | Reached skill level 4 in Dodging
  1823 | D:2      | Noticed Natasha
  1855 | D:1      | Killed Natasha
  2396 | D:3      | Reached XP level 6. HP: 39/41 MP: 0/0
  3201 | D:4      | Noticed an ogre
  3209 | D:4      | Killed an ogre
  3251 | D:5      | Entered Level 5 of the Dungeon
  3277 | D:4      | Found a broken altar of Ashenzari.
  3553 | D:6      | Reached XP level 7. HP: 46/46 MP: 0/0
  3553 | D:6      | Learned a level 2 spell: Ensorcelled Hibernation
  3821 | D:4      | Found a burning altar of Makhleb.
  3827 | D:4      | Became a worshipper of Makhleb the Destroyer
  3936 | D:4      | Reached skill level 5 in Dodging
  4000 | D:5      | Noticed a water moccasin
  4398 | D:4      | Slain by an ogre

Illustrated notes

Levels and vault maps discovered:
D:1:      ncdulo_halloftheorcs, layout_loops_corners, hangedman_decor_lopped,
          grunt_decor_clamped
D:2:      layout_basic, basic_altar, uniq_natasha
D:3:      layout_loops_corners, kennysheep_generic_room_12
D:4:      layout_gridville, mainiacjoe_overflow_small_starburst,
          nicolae_ashenzari_panopticon
D:5:      layout_loops_ring, nicolae_wu_jian_glorious_leap
D:6:      layout_loops_cross, mainiacjoe_overflow_catwalk, uniq_edmund,
          uniq_blork_the_orc, uniq_maggie

Skill      XL: |  1  2  3  4  5  6  7 |
---------------+----------------------+-----
Spellcasting   | 4 |  4.0
Conjurations   | 4 |  4.0
Hexes          | 4 |  4.0
Summonings     | 4 |  4.0
Necromancy     | 4 |  4.0
Translocations | 4 |  4.0
Transmutations | 4 |  4.0
Fire Magic     | 4 |  4.0
Ice Magic      | 4 |  4.0
Air Magic      | 4 |  4.0
Earth Magic    | 4 |  4.0
Poison Magic   | 4 |  4.0
Dodging        | 3 4 5 |  5.2
Stealth        | 2 3 4 |  4.8
Short Blades   | 1 |  1.0
Fighting       | |  0.7
Unarmed Combat | |  0.2

Action                     |  1- 3 |  4- 6 |  7- 9 || total
---------------------------+-------+-------+-------++-------
  Melee: Unarmed           |     8 |       |       ||     8
         Dagger            |    25 |    19 |     8 ||    52
         Rapier            |       |       |     6 ||     6
   Cast: Foxfire           |    41 |    63 |    12 ||   116
         Scorch            |     1 |    24 |     9 ||    34
         Volatile Blastmot |       |     1 |       ||     1
         Ensorcelled Hiber |       |       |     3 ||     3
    Use: Scroll            |       |     6 |     1 ||     7
         Potion            |       |     1 |       ||     1
   Stab: Sleeping          |     1 |     2 |     3 ||     6
 Armour: Robe              |    10 |    13 |     6 ||    29
  Dodge: Dodged            |    29 |    27 |    19 ||    75

Table legend: (Time is in decaauts)
 A = Elapsed time spent in this place.
 B = Non-inter-level travel time spent in this place.
 C = Inter-level travel time spent in this place.
 D = Time resting spent in this place.
 E = Time spent auto-exploring this place.
 F = Levels seen in this place.
 G = Mean time per level.
                   A        B        C        D        E       F      G
               +--------+--------+--------+--------+--------+-----+--------+
         Total |   4407 |   4267 |    140 |    309 |   2742 |   6 |  734.5 |
       Dungeon |   4407 |   4267 |    140 |    309 |   2742 |   6 |  734.5 |
               +--------+--------+--------+--------+--------+-----+--------+

Top non-repeatable levels by time:
     D:1: 1361 daAuts
     D:4: 1119 daAuts
     D:3: 1112 daAuts
     D:2: 703 daAuts
     D:5: 103 daAuts
     D:6: 8 daAuts
